Map: Ruby Rock LE

Players

soO

  • Race: Zerg Zerg

INnoVation - Winner!

  • Race: Terran Terran

VOD

Have the link to the VOD?

Description

Time

  • Played on: Jan. 16, 2026, 9:42 p.m.
  • Length: 11:41
Show
View Real Time Build Order
Export as new Build Order

soO Zerg 

Build Orders: Hatch First 

Get SALT Encoding   

  12  0:01  Drone  
  13  0:11  Overlord  
  13  0:16  Drone  
  14  0:30  Drone x2  
  16  0:46  Hatchery  
  16  0:49  Drone  
  16  0:52  Drone  
  16  0:55  Drone  
  18  1:06  Extractor  
  18  1:11  Spawning Pool  
  16  1:14  Drone  
  16  1:17  Drone  
  18  1:27  Drone  
  19  1:38  Drone  
  20  1:48  Overlord  
  20  1:57  Queen  
  20  1:58  Queen, Zergling x2  
  20  2:00  Zergling x2  
  26  2:10  Drone x2  
  28  2:17  Metabolic Boost  
  28  2:23  Drone x2  
  30  2:36  Hatchery  
  30  2:37  Drone x2  
  31  2:44  Queen  
  31  2:49  Overlord  
  33  2:53  Drone  
  33  2:54  Drone  
  33  2:58  Overlord  
  35  3:04  Drone  
  36  3:07  Drone  
  36  3:08  Drone x2  
  36  3:09  Drone  
  40  3:13  Drone  
  40  3:14  Drone  
  40  3:17  Drone  
  40  3:18  Drone  
  45  3:20  Drone  
  45  3:25  Queen  
  47  3:29  Drone  
  47  3:30  Drone  
  49  3:37  Drone  
  49  3:38  Drone x2  
  52  3:45  Overlord  
  52  3:48  Queen, Extractor  
  52  3:50  Drone, Zergling x4  
  52  3:54  Overlord  
  56  3:55  Drone  
  56  3:56  Drone  
  58  4:04  Queen  
  58  4:08  Drone x2  
  58  4:12  Drone x2  
  58  4:14  Drone x4  
  61  4:20  Drone  
  61  4:22  Drone x2  
  64  4:26  Lair  
  64  4:30  Drone  
  65  4:33  Spore Crawler  
  64  4:38  Overlord  
  64  4:39  Drone, Queen  
  64  4:40  Drone  
  64  4:42  Spore Crawler, Drone  
  64  4:45  Drone  
  69  4:46  Spore Crawler  
  69  4:48  Overlord  
  69  4:52  Overlord  
  68  4:54  Overlord  
  68  4:57  Drone x2  
  68  4:58  Drone  
  71  5:03  Drone x2  
  73  5:08  Evolution Chamber, Drone x3  
  73  5:10  Evolution Chamber, Drone  
  73  5:13  Drone  
  76  5:23  Drone  
  76  5:24  Drone x2  
  76  5:25  Drone x4, Baneling Nest, Extractor  
  76  5:27  Extractor  
  80  5:28  Hydralisk Den  
  80  5:30  Overseer  
  80  5:35  Hatchery  
  78  5:38  Overlord, Drone  
  78  5:40  Zerg Melee Weapons Level 1  
  78  5:42  Zerg Ground Armor Level 1  
  76  5:52  Drone  
  76  5:53  Drone x2  
  76  5:57  Drone, Zergling x2  
  80  5:58  Zergling x16  
  80  6:01  Grooved Spines  
  89  6:08  Drone  
  89  6:10  Centrifugal Hooks  
  90  6:16  Spore Crawler, Drone x4  
  90  6:17  Drone  
  90  6:23  Drone x2  
  92  6:29  Drone x2  
  92  6:31  Overlord  
  92  6:32  Drone x2  
  94  6:33  Drone  
  94  6:34  Drone  
  94  6:39  Zergling x10  
  101  6:42  Baneling x5, Overlord  
  96  6:48  Baneling x3  
  96  6:51  Hydralisk x3, Spore Crawler  
  100  6:56  Hydralisk x2  
  100  6:57  Zergling x6  
  100  6:58  Zergling x4  
  100  7:01  Zergling x8  
  111  7:04  Baneling x4  
  111  7:06  Hydralisk  
  111  7:07  Zergling x4  
  116  7:10  Zergling x2  
  116  7:13  Baneling x4  
  107  7:19  Hydralisk x2  
  95  7:25  Hydralisk  
  95  7:26  Zergling x8  
  95  7:29  Hydralisk  
  100  7:31  Zergling x2  
  100  7:33  Zergling x2  
  100  7:34  Zergling x2  
  100  7:36  Zergling x2  
  94  7:38  Zergling x2  
  94  7:42  Hydralisk  
  94  7:43  Zergling x2  
  96  7:54  Muscular Augments, Zergling x2  
  96  7:55  Zergling x12  
  96  7:58  Drone x3  
  105  8:01  Drone x2  
  105  8:05  Baneling x2  
  108  8:09  Drone x4  
  108  8:10  Drone  
  108  8:12  Zergling x4  
  115  8:13  Zergling x2  
  115  8:14  Baneling x2  
  115  8:19  Extractor  
  115  8:21  Drone x4  
  119  8:28  Zergling x12  
  125  8:34  Zergling x2  
  125  8:35  Zergling x4  
  125  8:39  Overlord  
  127  8:41  Overlord  
  126  8:51  Zergling x2  
  126  8:52  Zergling x10  
  127  8:59  Hydralisk x2  
  127  9:00  Zergling x14  
  127  9:01  Baneling x10  
  138  9:03  Zergling x8  
  141  9:13  Zergling x2  
  141  9:14  Zergling x8  
  136  9:19  Hydralisk x2  
  136  9:20  Zergling x2  
  136  9:23  Zergling x8  
  141  9:30  Overlord x3  
  141  9:34  Overlord  
  141  9:35  Hatchery  
  134  9:48  Overlord x2  
  134  9:49  Zergling x12  
  136  9:57  Hydralisk  
  141  10:00  Zergling x14  
  145  10:12  Baneling x3, Hydralisk x2  
  145  10:13  Zergling x8  
  151  10:23  Hydralisk x2, Zergling x2  
  151  10:24  Zergling x4  
  156  10:29  Zergling x4  
  156  10:32  Baneling x2  
  156  10:33  Zergling x6  
  161  10:40  Zergling x6  
  161  10:41  Zergling x6  
  167  10:47  Zergling x6  
  168  10:55  Hydralisk x2  
  168  10:56  Zergling x4  
  170  11:01  Hydralisk  
  170  11:02  Hydralisk  
  132  11:06  Zergling x10  
  132  11:10  Zergling x8  
  111  11:15  Hydralisk  
  111  11:18  Zergling x4  
Show
View Real Time Build Order
Export as new Build Order

INnoVation Terran - Winner!

Build Orders: Reaper Expand, Hellion Banshee 

Get SALT Encoding   

  12  0:00  SCV  
  13  0:12  SCV  
  14  0:17  Supply Depot  
  14  0:24  SCV  
  15  0:38  SCV  
  15  0:40  Barracks  
  16  0:43  Refinery  
  16  0:50  SCV  
  17  1:03  SCV  
  18  1:15  SCV  
  19  1:27  Orbital Command, Reaper  
  20  1:38  Command Center  
  20  1:48  Supply Depot  
  20  1:52  SCV  
  21  2:02  Factory  
  21  2:05  SCV  
  21  2:07  Refinery  
  22  2:17  SCV  
  22  2:20  Barracks Reactor  
  23  2:29  SCV  
  24  2:41  SCV  
  25  2:47  Starport  
  25  2:50  Orbital Command  
  25  2:53  SCV  
  26  3:00  Hellion x2  
  26  3:05  SCV  
  31  3:07  Barracks Tech Lab  
  31  3:16  SCV  
  31  3:17  SCV  
  33  3:21  Hellion  
  33  3:22  Hellion  
  33  3:24  Supply Depot  
  37  3:29  SCV  
  37  3:32  SCV  
  39  3:34  Cloaking Field, Banshee  
  39  3:35  Barracks Tech Lab  
  42  3:41  SCV  
  42  3:43  Hellion  
  42  3:46  Hellion  
  47  3:52  SCV  
  47  3:53  SCV, Stimpack  
  47  3:54  Marine  
  50  4:02  Supply Depot  
  50  4:04  SCV  
  50  4:06  SCV  
  52  4:15  Marine  
  43  4:19  SCV x2, Factory Reactor  
  43  4:20  Barracks  
  43  4:23  Barracks  
  45  4:27  Banshee  
  48  4:31  Refinery, Engineering Bay  
  48  4:33  SCV x2, Marine  
  51  4:40  Refinery  
  51  4:45  SCV x2  
  52  4:47  Supply Depot  
  52  4:51  Marine  
  54  4:57  Terran Infantry Weapons Level 1, SCV x2  
  56  5:08  Marine x2  
  56  5:12  Barracks, SCV x2  
  56  5:13  Barracks  
  60  5:17  Starport Reactor, Marine  
  60  5:18  Siege Tank  
  60  5:20  Supply Depot  
  64  5:22  Marine x2  
  64  5:23  Supply Depot  
  64  5:25  Marine  
  64  5:27  SCV x2  
  69  5:32  Marine, Supply Depot  
  70  5:37  Combat Shield  
  70  5:42  Marine x2  
  72  5:44  Marine x2  
  74  5:50  Siege Tank  
  74  5:55  Supply Depot, Marine  
  78  5:59  Medivac  
  78  6:00  Marine  
  78  6:01  Medivac  
  78  6:02  Marine  
  84  6:04  Marine  
  84  6:06  Marine x2  
  84  6:08  Marine  
  88  6:13  Marine  
  88  6:17  Marine  
  90  6:20  Supply Depot, Marine  
  90  6:22  Marine, Siege Tank  
  90  6:24  Marine  
  96  6:26  Marine x2  
  96  6:31  Marine  
  99  6:33  Medivac  
  99  6:35  Marine  
  102  6:41  Marine x2, Medivac  
  102  6:42  Marine  
  107  6:48  Supply Depot x2, Marine x2  
  107  6:49  Marine  
  107  6:51  Supply Depot, Terran Infantry Armor Level 1  
  110  7:09  Marine x6, Siege Tank  
  110  7:13  Medivac x2  
  110  7:14  Marine  
  111  7:27  Marine x4  
  106  7:36  Marine x3  
  92  7:45  Marine x4  
  92  7:47  Siege Tank  
  92  7:49  Medivac x2  
  97  7:53  Marine  
  97  7:54  Marine x2  
  100  8:02  Marine x4  
  104  8:11  Marine  
  104  8:12  Marine x2  
  107  8:19  Liberator x2, Siege Tank  
  116  8:20  Marine x4  
  120  8:29  Marine  
  120  8:30  Marine x2  
  123  8:35  Supply Depot  
  123  8:38  Marine x4  
  127  8:47  Marine x3  
  130  8:55  Siege Tank  
  132  8:56  Marine x4  
  132  9:02  Medivac  
  138  9:05  Marine x3  
  138  9:14  Marine x4  
  135  9:22  Medivac  
  135  9:23  Marine x3  
  140  9:32  Medivac  
  140  9:34  Marine  
  142  9:39  Supply Depot  
  142  9:40  Supply Depot  
  142  9:42  Marine  
  142  9:46  Marine  
  142  9:49  Marine x4  
  142  9:56  Marine  
  142  10:00  Marine, Siege Tank  
  142  10:04  Marine  
  142  10:07  Marine x4  
  147  10:11  Medivac  
  147  10:12  Medivac  
  155  10:14  Marine  
  155  10:15  Supply Depot x2  
  155  10:18  Marine  
  157  10:22  Marine  
  158  10:36  Marine x6, Siege Tank  
  158  10:40  Marine  
  168  10:49  Medivac x2  
  170  10:54  Marine x4  
  170  10:56  Marine  
  170  10:57  Marine  
  174  10:58  Marine  
  138  11:08  Siege Tank  
  117  11:12  Marine x4  
  117  11:14  Marine x2  
  117  11:15  Marine  
Tags
 
Add a new tag
Caveats
  • Supply blocks, unpowered buildings, or Contaminate may cause inaccurate times.
  • Supply counts are checked every 10 seconds.